 Dungeon Crawl Stone Soup version 0.28.0-45-g0d030f2227 (webtiles) character file.

Game seed: 13352016540389759306

116 zeratav the Insei (level 5, -1/34 HPs)
             Began as an Octopode Transmuter on Apr 8, 2022.
             Slain by a goblin
             ... wielding a +0 club
             ... led by Robin
              (7 damage)
             ... on level 3 of the Dungeon.
             The game lasted 00:03:18 (2769 turns).

zeratav the Insei (Octopode Transmuter)             Turns: 2769, Time: 00:03:19

Health: -1/34      AC:  1    Str:  9    XL:     5   Next: 1%
Magic:  8/8        EV: 13    Int: 22    God:
Gold:   96         SH:  0    Dex: 14    Spells: 7/8 levels left

rFire   . . .      SeeInvis .   j - +0 dagger (speed) {short}
rCold   . . .      Faith    .   (no shield)
rNeg    . . .      Spirit   .   (helmet restricted)
rPois   .          Reflect  .   (no amulet)
rElec   .          Harm     .   f - +6 ring of intelligence
rCorr   .          Rampage  .   (no ring)
Will    .....                   (no ring)
Stlth   +++.......              (no ring)
HPRegen 0.11/turn               (no ring)
MPRegen 0.11/turn               (no ring)
                                (no ring)
                                (no ring)

@: no status effects
A: almost no armour, amphibious, 8 rings, camouflage 1, gelatinous body 1,
(nimble swimmer 1), tentacles
a: no special abilities


You were on level 3 of the Dungeon.
You visited 1 branch of the dungeon, and saw 3 of its levels.

You collected 96 gold pieces.


Innate Abilities, Weirdness & Mutations

You cannot wear most types of armour.
You are amphibious.
You can wear up to eight rings at the same time.
Your skin changes colour to match your surroundings (Stealth+).
Your rubbery body absorbs attacks. (AC +1, EV +1)
((You are camouflaged when in or above water. (Stealth+)))
You have tentacles for arms and can constrict up to eight enemies at once.


   Skills:
 + Level 2.1 Fighting
 + Level 2.8 Dodging
 + Level 2.6 Stealth
 * Level 4.1 Unarmed Combat
 - Level 2.0 Spellcasting
 - Level 2.0 Transmutations


You had 7 spell levels left.
You knew the following spells:

 Your Spells              Type           Power      Damage    Failure   Level
a - Beastly Appendage     Tmut           22%        N/A       6%          1

Your spell library contained the following spells:

 Spells                   Type           Power      Damage    Failure   Level
 Wereblood                Tmut           11%        N/A       9%          2
 Blink                    Tloc           4%         N/A       21%         2
 Spider Form              Tmut/Pois      6%         N/A       26%         3
 Lesser Beckoning         Tloc           2%         N/A       38%         3
 Ice Form                 Ice/Tmut       6%         N/A       65%         4
 Manifold Assault         Tloc           2%         N/A       98%         5

Inventory:

Hand Weapons
 j - a +0 dagger of speed (weapon) {short}
   (You took it off Jessica on level 2 of the Dungeon)
Jewellery
 f - a +6 ring of intelligence (left tentacle)
   (You found it on level 2 of the Dungeon)
Scrolls
 a - a scroll of silence {unknown}
 d - a scroll of identify {unknown}
 e - a scroll of fog {unknown}
 h - 3 scrolls of torment {unknown}
 i - a scroll of summoning {unknown}
 k - 2 scrolls of teleportation {unknown}
Potions
 b - a potion of curing {unknown}
 c - a potion of attraction {unknown}
 g - 2 potions of brilliance {unknown}

Dungeon Overview and Level Annotations

Branches:
Dungeon (3/15)

Altars:

Shops:
D:3

[ #.......#........
#########.###.#.#
..#.#.... .#...#
..#.###.# ....>. .....
.....## ## #..##
...... .. #######.###
.....###
###.########..........
.......#
#...g@g........#......
.....#.#
############.#.#.####.
.....#g##.... .....#.#
#. ..g...g......
.......... ...
....#........
........#.####.
....#...##.##
#########.# #.
g####...# ..# #. .#
#...# ## ## .# #....


You could see a hobgoblin (strong) and a goblin (strong).


Message History

You barely miss the frilled lizard. Your grab misses the frilled lizard.
The frilled lizard bites you.
HP[-1]
You take 1 damage, and now have 28/29 hp.
You hit the frilled lizard. You grab the frilled lizard.
Your tentacle-slap misses the frilled lizard.
Your squeeze misses the frilled lizard.
You constrict the frilled lizard, but do no damage.
The frilled lizard closely misses you.
You hit the frilled lizard.
You kill the frilled lizard!
You see here a frilled lizard corpse.
HP[+1]
Your hp is fully restored (29).
You see here a frilled lizard corpse.
An orc comes into view. It is wielding a +0 flail.
The orc shouts!
The orc barely misses you.
You hit the orc but do no damage. Your grab misses the orc.
The orc hits you with a +0 flail!
HP[-8]
You take 8 damage, and now have 21/29 hp.
MASSIVE DAMAGE!! (PAUSE)
You hit the orc. You grab the orc. You tentacle-slap the orc.
You kill the orc!
Things that are here:
a +0 flail {mace}; an orc corpse HP[+1] HP[+1] HP[+1] HP[+1]
Found a stone staircase leading down.
HP[+1]
You now have 96 gold pieces (gained 10).
HP[+1] HP[+1] Robin shouts!
The goblin shouts! x2; You hear a shout!
The goblin barely misses you.
You hear a shout!
You closely miss the goblin. Your grab misses the goblin.
You hear a shout!
Robin roars a battlecry!
The goblins go into a battle-frenzy!
The goblin hits you with a +0 club.
HP[-2]
You take 2 damage, and now have 26/29 hp.
You hit the goblin. Your grab misses the goblin.
Robin throws the goblin at you!
You hit the goblin.
You kill the goblin!
The goblin hits you with a +0 dagger. Robin hits you with a +2 vorpal spear.
Things that are here:
a +0 club {mace}; a goblin corpse; HP[-10]
You take 10 damage, and now have 16/29 hp.
MASSIVE DAMAGE!! (PAUSE)
You closely miss Robin. You grab Robin. You constrict Robin, but do no damage.
Robin says, "My goblins will feast on your bones."
Robin misses you. The goblin closely misses you.
You hit Robin. You squeeze Robin. You constrict Robin.
Robin hits you but does no damage.
You hit Robin. You squeeze Robin. You constrict Robin.
The goblin hits you with a +0 dagger.
* * * LOW HITPOINT WARNING * * *
HP[-2]
You take 2 damage, and now have 14/29 hp.
You hit the goblin. Your grab misses the goblin. You constrict Robin.
The goblin hits you with a +0 dagger.
* * * LOW HITPOINT WARNING * * *
HP[-5]
You take 5 damage, and now have 9/29 hp.
You hit the goblin.
You kill the goblin!
You constrict Robin, but do no damage. Robin throws the goblin at you!
HP[+1]
You hit Robin but do no damage. You squeeze Robin.
You kill Robin!
The goblin barely misses you.
You have reached level 5!
You feel clever.
HP[+1] MP[+1]
You now have 34 max hp (+5).
Your mp is fully restored (8).
You hit the goblin but do no damage. Your grab misses the goblin.
The goblin hits you with a +0 club.
* * * LOW HITPOINT WARNING * * *
HP[-6]
You take 6 damage, and now have 5/34 hp.
You closely miss the goblin. You grab the goblin.
You tentacle-slap the goblin, but do no damage.
You constrict the goblin, but do no damage.
The hobgoblin misses you.
You hit the hobgoblin. Your grab misses the hobgoblin.
Your squeeze misses the hobgoblin. You constrict the goblin.
The goblin closely misses you.
HP[+1]
You hit the hobgoblin. You grab the hobgoblin.
You constrict the hobgoblin, but do no damage.
You constrict the goblin. The hobgoblin barely misses you.
The goblin hits you with a +0 club!
You die...

Skill      XL: |  1  2  3  4 |
---------------+-------------+-----
Stealth        | 1 2 |  2.6
Unarmed Combat | 4 |  4.1
Fighting       | 2 |  2.1
Dodging        | |  2.8
Spellcasting   | |  2.0
Transmutations | |  2.0

Action                   |  1- 3 |  4- 6 || total
-------------------------+-------+-------++-------
Melee: Unarmed           |    61 |       ||    61
       Constrict         |    17 |    15 ||    32
       Kick              |    16 |     6 ||    22
       Punch             |     2 |     3 ||     5
       Tentacles         |     8 |    10 ||    18
       Dagger            |       |    54 ||    54
 Cast: Beastly Appendage |    21 |     3 ||    24
 Stab: Sleeping          |    10 |     3 ||    13
Armor: Skin              |     4 |     2 ||     6
Dodge: Dodged            |    29 |    28 ||    57

Levels and vault maps discovered:
D:1:      scummos_arrival_gate, layout_loops_ring,
          shapermc_ecumenical_altar_mp_vishouse
D:2:      layout_basic, amcnicky_mini_rare_corridor_liquid, uniq_jessica
D:3:      layout_basic, serial_shops, shop_statue,
          nicolae_concentric_dashed_squares_mild, minmay_misc_feat_roman,
          uniq_robin

Notes
Turn   | Place    | Note
-------+----------+-------------------------------------------
     0 | D:1      | zeratav the Octopode Transmuter began the quest for the
                  | Orb.
     0 | D:1      | Reached XP level 1. HP: 13/13 MP: 3/3
     0 | D:1      | magus.rc [v1.9.6]
   210 | D:1      | You pick up a book of Spatial Translocations and begin
                  | reading...
   210 | D:1      | You add the spells Blink, Lesser Beckoning and Manifold
                  | Assault to your library.
   287 | D:1      | Reached XP level 2. HP: 14/18 MP: 3/5
   442 | D:1      | Reached skill level 1 in Stealth
   978 | D:1      | Found a faded altar of an unknown god.
  1149 | D:1      | Reached XP level 3. HP: 20/23 MP: 4/6
  1613 | D:2      | Noticed Jessica
  1624 | D:2      | Killed Jessica
  1625 | D:2      | Reached skill level 2 in Stealth
  1625 | D:2      | Reached XP level 4. HP: 14/29 MP: 7/7
  1865 | D:2      | Reached skill level 4 in Unarmed Combat
  2049 | D:2      | Reached skill level 2 in Fighting
  2348 | D:3      | Found Eklox's Antique Armour Emporium.
  2362 | D:3      | Noticed Robin
  2765 | D:3      | Killed Robin
  2766 | D:3      | Reached XP level 5. HP: 11/34 MP: 8/8
  2766 | D:3      | HP: 5/34 [goblin/+0 club[Robin] (6)]
  2769 | D:3      | Slain by a goblin

Vanquished Creatures
  Jessica (D:2)
  Robin (D:3)
  2 adders (D:2)
  An adder skeleton (D:2)
  3 dart slugs
  An orc (D:3)
  4 ball pythons
  3 bats (D:2)
  4 endoplasms
  3 giant cockroaches
  7 goblins
  4 hobgoblins
  5 kobolds
  2 quokkas
  3 frilled lizards
  5 rats
49 creatures vanquished.

Table legend:
 A = Non-vault XP
 B = Vault XP
 C = Vault XP percentage of total XP
 D = Non-vault monster count
 E = Vault monster count
 F = Vault count percentage of total count
                 A         B        C        D         E       F
            +---------+---------+-------+---------+---------+-------
      Total |     107 |      60 |  35.9 |      43 |       6 |  12.2
            +---------+---------+-------+---------+---------+-------
        D:1 |      35 |       0 |   0.0 |      19 |       0 |   0.0
        D:2 |      64 |      41 |  39.0 |      21 |       3 |  12.5
        D:3 |       8 |      19 |  70.4 |       3 |       3 |  50.0
            +---------+---------+-------+---------+---------+-------

Illustrated notes

Table legend:
 A = Kills in this place as a percentage of kills in entire the game.
 B = Kills by you in this place as a percentage of kills by you in the entire game.
 C = Kills by friends in this place as a percentage of kills by friends in the entire game.
 D = Other kills in this place as a percentage of other kills in the entire game.
 E = Experience gained in this place as a percentage of experience gained in the entire game.
 F = Experience gained in this place divided by the number of levels of this place that you have seen.
                   A       B       C       D       E      F
               +-------+-------+-------+-------+-------+----------------------
         Total | 100.0 | 100.0 |   N/A |   N/A | 100.0 |  55.7
       Dungeon | 100.0 | 100.0 |   N/A |   N/A | 100.0 |  55.7
               +-------+-------+-------+-------+-------+----------------------

Table legend: (Time is in decaauts)
 A = Elapsed time spent in this place.
 B = Non-inter-level travel time spent in this place.
 C = Inter-level travel time spent in this place.
 D = Time resting spent in this place.
 E = Time spent auto-exploring this place.
 F = Levels seen in this place.
 G = Mean time per level.
                   A        B        C        D        E       F      G
               +--------+--------+--------+--------+--------+-----+--------+
         Total |   2747 |   2704 |     43 |    258 |   2036 |   3 |  915.7 |
       Dungeon |   2747 |   2704 |     43 |    258 |   2036 |   3 |  915.7 |
               +--------+--------+--------+--------+--------+-----+--------+

Top non-repeatable levels by time:
     D:2: 1330 daAuts
     D:1: 1202 daAuts
     D:3: 214 daAuts
